 Dungeon Crawl Stone Soup version 0.32-a0 (webtiles) character file.

Game seed: 8083586048672671233

8353 Dainean the Grappler (level 11, -1/169 HPs)
             Began as a Troll Gladiator on Jan 12, 2024.
             Was a Follower of Elyvilon.
             Slain by a death yak (3 damage)
             ... on level 9 of the Dungeon on Jan 13, 2024.
             The game lasted 01:03:51 (8555 turns).

Dainean the Grappler (Troll Gladiator)              Turns: 8555, Time: 01:03:52

Health: -1/169     AC: 25    Str: 28    XL:     11   Next: 8%
Magic:  10/10      EV:  1    Int: 10    God:    Elyvilon [*.....]
Gold:   541        SH:  0    Dex: 11    Spells: 10/10 levels left

rFire   + .          .
                       - Unarmed
rCold   . . .        (no shield)
rNeg    . . .        v - melded +0 acid dragon scales
rPois   +            I - melded +0 hat
rElec   .            (cloak currently unavailable)
rCorr   .            (gloves unavailable)
SInv    .            (boots unavailable)
Will    .....        (no amulet)
Stlth   +            e - ring of protection from fire
HPRegen 1.28/turn    o - +6 ring of intelligence
MPRegen 0.12/turn

%: no passive effects
@: tree-form
A: stationary, stasis, torment immunity, boosted hp, large, unfitting armour,
(claws 3), regeneration 1, (shaggy fur 1), (tough skin 1)
a: Renounce Religion, Purification


You were on level 9 of the Dungeon.
You worshipped Elyvilon.
Elyvilon was aware of your devotion.
You were a tree.
You visited 2 branches of the dungeon, and saw 10 of its levels.
You also visited: Sewer.

You collected 541 gold pieces.

Inventory:

Hand Weapons
 a - a +2 whip of venom
 b - a +1 battleaxe of freezing
 l - a +3 heavy hand axe
 t - a +1 morningstar of protection
 S - a +1 whip of electrocution
 W - a +3 scimitar of flaming
Missiles
 c - 4 throwing nets
 h - 80 stones
 r - 2 darts of dispersal
 u - 32 poisoned darts
 D - 2 curare-tipped darts
 K - 3 javelins
 V - 10 boomerangs
Armour
 v - +0 acid dragon scales (melded)
 I - a +0 hat (melded)
 O - a +0 troll leather armour
Magical Staves
 T - a staff of earth
Jewellery
 e - a ring of protection from fire (left branch)
 o - a +6 ring of intelligence (right branch)
Talismans
 n - a beast talisman
 L - a serpent talisman
 Q - a maw talisman
Wands
 i - a wand of quicksilver (5)
 B - a wand of roots (4)
 N - a wand of flame (37)
 R - a wand of mindburst (20)
Scrolls
 j - a scroll of vulnerability
 m - a scroll of enchant armour {unknown}
 s - 2 scrolls of fear
 y - a scroll of enchant weapon
 A - 2 scrolls of teleportation
 G - 2 scrolls of butterflies
 H - a scroll of acquirement {unknown}
 P - 2 scrolls of identify
 U - a scroll of poison {unknown}
Potions
 f - a potion of curing
 g - 2 potions of brilliance
 k - a potion of degeneration {unknown}
 p - 2 potions of invisibility
 q - a potion of magic {unknown}
 w - a potion of enlightenment {unknown}
 z - a potion of berserk rage {unknown}
 E - a potion of cancellation {unknown}
 J - a potion of lignification
 M - a potion of haste {unknown}


   Skills:
 * Level 8.5 Fighting
 - Level 4.0 Throwing
 + Level 7.5 Dodging
 + Level 11.1 Unarmed Combat
 - Level 0.1 Evocations


You had 10 spell levels left.
You didn't know any spells.
Your spell library contained the following spells:

 Spells                   Type           Power      Damage    Failure   Level
 Magic Dart               Conj           0%         1d3       36%         1
 Searing Ray              Conj           0%         2d4       50%         2
 Sublimation of Blood     Necr           0%         N/A       50%         2
 Ozocubu's Armour         Ice            0%         N/A       75%         3
 Fulminant Prism          Conj/Alch      0%         3d5       98%         4
 Petrify                  Alch/Erth      0%         N/A       98%         4
 Irradiate                Conj/Alch      0%         3d11      100%        5
 Metabolic Englaciation   Hex/Ice        0%         N/A       100%        5
 Sculpt Simulacrum        Ice/Alch       0%         N/A       100%        6


Dungeon Overview and Level Annotations

Branches:
Dungeon (9/15)             Temple (1/1) D:7           Sewer (visited)
   Lair: D:8-11         Orc: D:9-12

Altars:
Ashenzari
Cheibriados
Dithmenos
Elyvilon
Gozag
Hepliaklqana
Kikubaaqudgha
Makhleb
Qazlal
Sif Muna
Trog
Vehumet
Wu Jian
Yredelemnul
Zin
The Shining One

Shops:
D:6 (


Innate Abilities, Weirdness & Mutations

You are a tree.
Your roots penetrate the ground, keeping you stationary.
You cannot be teleported.
You are immune to unholy pain and torment.
Your maximum health is greatly increased.
Your equipment is partially melded.
You are too large for most types of armour.
((You have claws for hands.))
Your natural rate of healing is unusually fast.
((You are covered in fur. (AC +1)))
((You have tough skin. (AC +1)))


Message History

You kill the death yak!
The death yak gores you!
* * * LOW HITPOINT WARNING * * *
Your life force feels restored.
Throw: 4 large rocks
Press: ? - help, Q - select action, (/) - cycle Shift-Dir - straight line, f - death yak
Aim: a death yak (79% to hit)
You throw a large rock. The large rock hits the death yak!!
The death yak is heavily wounded.
The death yak gores you.
* * * LOW HITPOINT WARNING * * *
The death yak gores you but does no damage.
Okay, then.
You feel better. The death yak gores you.
* * * LOW HITPOINT WARNING * * *
Throw: 3 large rocks
Press: ? - help, Q - select action, (/) - cycle Shift-Dir - straight line, f/p - death yak
Aim: a death yak (moderately wounded, 79% to hit)
You throw a large rock. The large rock hits the death yak!
The death yak is heavily wounded.
The death yak gores you!
* * * LOW HITPOINT WARNING * * *
The death yak gores you but does no damage.
Throw: 2 large rocks
Press: ? - help, Q - select action, (/) - cycle Shift-Dir - straight line, f/p - death yak
Aim: a death yak (heavily wounded, 79% to hit)
You throw a large rock.
The large rock barely misses the death yak.
The death yak gores you.
* * * LOW HITPOINT WARNING * * *
The death yak gores you but does no damage.
Throw: large rock
Press: ? - help, Q - select action, (/) - cycle Shift-Dir - straight line, f/p - death yak
Aim: a death yak (heavily wounded, 79% to hit)
You throw a large rock.
The large rock barely misses the death yak.
The death yak gores you.
* * * LOW HITPOINT WARNING * * *
The death yak gores you.
You die...

#...## ...... #..........(.
...... #............ #...##
#............. #...##+##.
#.............. #.........
#.............. #.....>...
#.............. #.........
#...(Y..........
............#...♣......r....
.................$..........
............................
............................
..#....##...................
.##....# ...................
.# ....# ....##.....<######
.# ....# ######......# .#
###... .........#


You could see a death yak and a hell rat.

Vanquished Creatures
  2 centaur warriors (D:9)
  2 death yaks (D:9)
  Pikel (D:8)
  A cyclops (D:9)
  Joseph (D:7)
  Jeremiah (D:9)
  An efreet (D:9)
  A troll (D:7)
  A hornet (D:8)
  A human (D:4)
  A steam dragon (D:8)
  An acid dragon (D:9)
  A water moccasin (D:4)
  3 orc warriors
  An ice beast (D:5)
  3 black bears
  2 ogres
  4 centaurs
  2 phantoms
  2 lemures (D:8)
  5 kobold brigands
  6 bullfrogs
  3 scorpions
  7 wights
  2 howler monkeys
  A bombardier beetle (D:8)
  5 jellies
  3 hounds
  5 orc priests
  2 sleepcaps
  5 orc wizards
  Robin (D:4)
  3 gnolls (D:7)
  2 river rats (D:5)
  17 adders
  A white imp (D:5)
  8 ribbon worms
  5 dart slugs
  28 orcs
  7 bats
  17 endoplasms
  4 giant cockroaches
  12 goblins
  9 hobgoblins
  17 kobolds
  3 quokkas
  10 ball pythons
  3 frilled lizards
  A jackal skeleton (D:4)
  A kobold zombie (D:4)
  9 rats
234 creatures vanquished.

Notes
Turn   | Place    | Note
-------+----------+-------------------------------------------
     0 | D:1      | Dainean the Troll Gladiator began the quest for the Orb.
     0 | D:1      | Reached XP level 1. HP: 19/19 MP: 0/0
   136 | D:1      | Reached XP level 2. HP: 27/27 MP: 1/1
   732 | D:2      | Reached XP level 3. HP: 31/35 MP: 2/2
   880 | D:2      | Found a radiant altar of Vehumet.
   889 | D:2      | Reached skill level 4 in Unarmed Combat
  1244 | D:2      | Reached XP level 4. HP: 42/42 MP: 3/3
  1644 | D:3      | Reached XP level 5. HP: 48/49 MP: 4/4
  1752 | D:3      | Reached skill level 5 in Unarmed Combat
  1802 | D:3      | Noticed a phantom
  1812 | D:3      | Killed a phantom
  2017 | D:4      | Noticed an ogre
  2022 | D:4      | Killed an ogre
  2023 | D:4      | Reached XP level 6. HP: 57/57 MP: 5/5
  2026 | D:4      | Reached skill level 6 in Unarmed Combat
  2184 | D:4      | Found an ornate altar of the Wu Jian Council.
  2256 | D:4      | Found a bloodstained altar of Trog.
  2310 | D:4      | Noticed a water moccasin
  2325 | D:4      | Noticed Robin
  2338 | D:4      | Killed a water moccasin
  2350 | D:4      | Reached XP level 7. HP: 30/65 MP: 6/6
  2353 | D:4      | Killed Robin
  2415 | D:4      | Found a runed translucent door.
  2415 | D:4      | Noticed a human
  2441 | D:4      | Found a basalt altar of Yredelemnul.
  2467 | D:4      | Killed a human
  2501 | D:4      | Found a glowing silver altar of Zin.
  2889 | D:4      | Reached skill level 7 in Unarmed Combat
  3150 | D:4      | Upgraded the game from 0.31-a0-1626-g5cb510d322 to 0.32-a0
  3193 | D:5      | Entered Level 5 of the Dungeon
  3394 | D:5      | Found a glowing drain.
  3402 | Sewer    | Entered a sewer
  3437 | Sewer    | Reached skill level 8 in Unarmed Combat
  3437 | Sewer    | Reached XP level 8. HP: 42/74 MP: 7/7
  4561 | D:5      | Reached skill level 5 in Dodging
  4561 | D:5      | Reached skill level 9 in Unarmed Combat
  4566 | D:5      | Found an ancient bone altar of Kikubaaqudgha.
  4881 | D:5      | Found a hazy altar of Hepliaklqana.
  5185 | D:6      | Found Gylawn's Antique Weapon Boutique.
  5499 | D:6      | Reached XP level 9. HP: 84/84 MP: 8/8
  5782 | D:7      | Noticed Joseph
  5799 | D:7      | Killed Joseph
  5907 | D:7      | Noticed a troll
  5919 | D:7      | Killed a troll
  6069 | D:7      | Reached skill level 5 in Fighting
  6505 | D:7      | Found a staircase to the Ecumenical Temple.
  6514 | Temple   | Entered the Ecumenical Temple
  6656 | Temple   | Became a worshipper of Elyvilon the Healer
  7127 | D:8      | Noticed Pikel
  7144 | D:8      | Killed Pikel
  7145 | D:8      | Reached skill level 10 in Unarmed Combat
  7145 | D:8      | Reached XP level 10. HP: 85/100 MP: 9/9
  7294 | D:8      | Found a shimmering blue altar of Sif Muna.
  7641 | D:8      | Reached * piety under Elyvilon
  7692 | D:8      | Found a snail-covered altar of Cheibriados.
  7766 | D:8      | Found a broken altar of Ashenzari.
  7994 | D:9      | Noticed a centaur warrior
  8002 | D:9      | Noticed a cyclops
  8002 | D:9      | Noticed a centaur warrior
  8022 | D:9      | Killed a centaur warrior
  8058 | D:9      | Killed a centaur warrior
  8089 | D:9      | Killed a cyclops
  8516 | D:9      | Noticed Jeremiah
  8526 | D:9      | Noticed a death yak
  8529 | D:9      | Killed Jeremiah
  8530 | D:9      | Noticed a death yak
  8535 | D:9      | Noticed a death yak
  8536 | D:9      | Killed a death yak
  8537 | D:9      | Reached skill level 11 in Unarmed Combat
  8537 | D:9      | Reached XP level 11. HP: 93/113 MP: 10/10
  8550 | D:9      | Killed a death yak
  8551 | D:9      | HP: 8/169 [death yak (5)]
  8555 | D:9      | HP: 2/169 [death yak (5)]
  8555 | D:9      | Slain by a death yak

Illustrated notes

Levels and vault maps discovered:
D:1:      tekkud_arrival_beachfront_property, layout_basic, minmay_pentomino_v2
D:2:      layout_basic, basic_altar
D:3:      layout_rooms, minmay_misc_feat_alley
D:4:      layout_basic, mainiacjoe_overflow_24_doors, lemuel_tele_altar,
          nicolae_wu_jian_immortal_techniques, dk_yredelemnul_ordeal, uniq_robin
D:5:      layout_loops_cross, old_standard_altar,
          worldfamousw_hep_ancestral_shrine, lightli_sewer_entry_pipes
D:6:      layout_rooms, serial_shops, nicolae_shop_statue_plus,
          hangedman_abyss_or_decor_stagger
D:7:      layout_loops_ring, minmay_temple_entry_grid, minmay_misc_feat_x,
          hangedman_abyss_or_decor_slice, uniq_joseph
D:8:      layout_loops_ring, mainiacjoe_overflow_tiny_flanked, slow_altar_2,
          mainiacjoe_overflow_brackets, fungi_pond_lemuel, uniq_pikel
D:9:      layout_basic, dpeg_lair_monsters, kb_rosetta, uniq_jeremiah
Temple:   hellmonk_temple_of_storms

Skill      XL: |  1  2  3  4  5  6  7  8  9 10 |
---------------+-------------------------------+-----
Throwing       | 2 3 4 |  4.0
Unarmed Combat | 4 5 6 8 9 10 11 | 11.1
Dodging        | 3 4 5 6 7 |  7.5
Fighting       | 2 4 6 8 |  8.5
Evocations     | |  0.1

Action                     |  1- 3 |  4- 6 |  7- 9 | 10-12 || total
---------------------------+-------+-------+-------+-------++-------
  Melee: Unarmed           |   100 |   137 |   336 |    95 ||   668
         Punch             |     1 |     1 |    15 |     4 ||    21
  Throw: Stone             |     4 |       |       |       ||     4
         Dart              |       |       |     7 |       ||     7
         Large rock        |       |       |       |     7 ||     7
         Javelin           |       |       |       |     2 ||     2
  Evoke: Wand              |       |     1 |    11 |     8 ||    20
    Use: Potion            |       |     3 |     4 |     5 ||    12
         Scroll            |       |     1 |     7 |     1 ||     9
   Stab: Sleeping          |     1 |       |       |       ||     1
         Paralysed         |       |       |     2 |     2 ||     4
 Armour: Robe              |    68 |    99 |   169 |       ||   336
         Troll leather arm |       |       |    60 |    49 ||   109
         Acid dragon scale |       |       |       |    12 ||    12
         Skin              |       |       |       |    26 ||    26
  Dodge: Dodged            |    55 |    72 |   142 |    32 ||   301

Table legend: (Time is in decaauts)
 A = Elapsed time spent in this place.
 B = Non-inter-level travel time spent in this place.
 C = Inter-level travel time spent in this place.
 D = Time resting spent in this place.
 E = Time spent auto-exploring this place.
 F = Levels seen in this place.
 G = Mean time per level.
                   A        B        C        D        E       F      G
               +--------+--------+--------+--------+--------+-----+--------+
         Total |   8481 |   8481 |      0 |    928 |   2537 |  11 |  771.0 |
       Dungeon |   7648 |   7648 |      0 |    928 |   2381 |   9 |  849.8 |
        Temple |    156 |    156 |      0 |      0 |      0 |   1 |  156.0 |
         Sewer |    676 |    676 |      0 |      0 |    156 |   1 |  676.0 |
               +--------+--------+--------+--------+--------+-----+--------+

Top non-repeatable levels by time:
     D:5: 1233 daAuts
     D:4: 1180 daAuts
     D:7: 1095 daAuts
     D:8: 905 daAuts
     D:2: 723 daAuts
   Sewer: 676 daAuts
     D:1: 671 daAuts
     D:6: 666 daAuts
     D:3: 588 daAuts
     D:9: 582 daAuts
  Temple: 156 daAuts
